 Dungeon Crawl Stone Soup version 0.17.1-2-g5865329 (webtiles) character file.

588 Fuzzybunny the Ruffian (level 7, -4/56 HPs)
             Began as a White Draconian Transmuter on Jan 17, 2016.
             Slain by a black bear (5 damage)
             ... on level 6 of the Dungeon.
             The game lasted 00:18:29 (4116 turns).

Fuzzybunny the Ruffian (White Draconian Transmuter) Turns: 4116, Time: 00:18:29

Health: -4/56      AC:  6    Str: 16    XL:     7   Next: 15%
Magic:  7/12       EV: 13    Int: 15    God:
Gold:   178        SH:  0    Dex: 11    Spells: 3 memorised, 5 levels left

rFire  . . .     SeeInvis .       - Unarmed
rCold  + . .     Clarity  .     (armour unavailable)
rNeg   . . .     SustAt   .     (no shield)
rPois  +         Gourm    .     (helmet restricted)
rElec  .         Spirit   .     (no cloak)
rCorr  .         Warding  .     (no gloves)
rMut   .         Stasis   .     (no boots)
MR     .....                    (no amulet)
Stlth  +.........               q - ring of poison resistance
                                f - +3 ring of strength

@: very slightly contaminated, not resistant to hostile enchantments, very
unstealthy
A: breathe frost, unfitting armour, cold resistance 1, cold-blooded, AC +6
a: Breathe Frost


You were on level 6 of the Dungeon.
You were hungry.

You visited 1 branch of the dungeon, and saw 6 of its levels.

You collected 178 gold pieces.

Inventory:

Missiles
 a - 28 arrows
Jewellery
 f - a +3 ring of strength (left hand)
 n - a cursed -2 ring of slaying
 q - a ring of poison resistance (right hand)
Wands
 d - a wand of random effects (24)
 m - a wand of fire (10)
 x - a wand of enslavement (16)
Scrolls
 e - 3 scrolls of identify
 h - a scroll of immolation {unknown}
 k - 2 scrolls of amnesia {unknown}
 o - a scroll of enchant weapon {unknown}
 p - 2 scrolls of fog {unknown}
 t - 2 scrolls of remove curse {unknown}
 u - a scroll of blinking {unknown}
 y - a scroll of magic mapping {unknown}
Potions
 i - 2 potions of brilliance {unknown}
 j - a potion of lignification {unknown}
 r - a potion of beneficial mutation {unknown}
 s - 2 potions of haste {unknown}
 v - 2 potions of poison {unknown}
 z - a potion of agility {unknown}
Books
 b - a book of Changes

   Spells                             Type                      Level
   a - Beastly Appendage              Transmutation                1
   b - Sticks to Snakes               Transmutation                2
   c - Spider Form                    Transmutation/Poison         3
   d - Ice Form                       Ice/Transmutation            4
   e - Blade Hands                    Transmutation                5
Comestibles
 c - 5 bread rations
 g - 2 beef jerkies
 l - a meat ration
 w - a slice of pizza


   Skills:
 + Level 2.6 Fighting
 + Level 3.4 Dodging
 + Level 4.3 Unarmed Combat
 + Level 3.5 Spellcasting
 + Level 4.0 Transmutations
 * Level 3.1 Ice Magic
 - Level 0.2 Poison Magic


You had 5 spell levels left.
You knew the following spells:

 Your Spells              Type           Power        Failure   Level  Hunger
a - Beastly Appendage     Trmt           ##....       4%          1    None
b - Spider Form           Trmt/Pois      #.........   30%         3    ###....
c - Ice Form              Ice/Trmt       ##......     54%         4    ####...


Dungeon Overview and Level Annotations

Branches:
Dungeon (6/15)
 Temple: D:4-7

Altars:
Makhleb
Nemelex Xobeh
Qazlal
Xom
Yredelemnul
Zin

Annotations:
D:4 xeno23's ghost, novice HuMo
D:5 bollicks1999's ghost, novice HOFi


Innate Abilities, Weirdness & Mutations

You can breathe waves of freezing cold.
You can buffet flying creatures when you breathe cold.
Your icy white scales are hard (AC +6).
Your body does not fit into most forms of armour.
Your flesh is cold resistant.
You are cold-blooded and may be slowed by cold attacks.


Message History

You hit the black bear but do no damage.
The black bear is heavily wounded.
The black bear bites you.
* * * LOW HITPOINT WARNING * * *
The black bear claws you.
* * * LOW HITPOINT WARNING * * *
The black bear closely misses you.
You closely miss the black bear.
The black bear is heavily wounded.
You barely miss the black bear.
The black bear is heavily wounded.
The black bear bites you!
* * * LOW HITPOINT WARNING * * *
The black bear completely misses you. The black bear claws you.
* * * LOW HITPOINT WARNING * * *
You have no means to grasp a wand firmly enough.
Okay, then.
Your transformation has ended.
The black bear bites you.
You die...

#.####.#..........##
.......#.######....######
##.#......................
.......h.............####.
<.................####
##.#.......########
#......##..####
....##......).#### ...
#.######h@.$# .. #..
####......# # #.#
......... .. ##########


You could see a black bear.

Vanquished Creatures
  Edmund (D:6)
  Duvessa (D:6)
  A phantom (D:6)
  Dowan (D:6)
  2 orc wizards (D:4)
  A giant frog skeleton (D:6)
  An orc priest (D:3)
  Jessica (D:3)
  A worker ant zombie (D:6)
  An adder (D:3)
  An ooze (D:3)
  5 worms
  2 giant geckos
  8 orcs
  3 ball pythons (D:2)
  3 bats
  3 giant cockroaches
  2 gnoll zombies (D:3)
  5 goblins
  6 hobgoblins
  8 jackals
  9 kobolds
  5 giant newts
  2 jackal zombies
  9 rats
82 creatures vanquished.

Notes
Turn   | Place    | Note
--------------------------------------------------------------
     0 | D:1      | Fuzzybunny the Draconian Transmuter began the quest for the Orb.
     0 | D:1      | Reached XP level 1. HP: 16/16 MP: 3/3
   189 | D:1      | Found a sparkling altar of Nemelex Xobeh.
   496 | D:1      | Reached XP level 2. HP: 21/23 MP: 5/5
   708 | D:2      | Found a stormy altar of Qazlal.
   709 | D:2      | Noticed an earth elemental
   710 | D:2      | Noticed a water elemental
   715 | D:2      | Noticed an air elemental
   721 | D:2      | Noticed a fire elemental
   731 | D:2      | Found a glowing silver altar of Zin.
   731 | D:2      | Noticed an angel
   733 | D:2      | Found a shimmering altar of Xom.
  1311 | D:2      | Found a faded altar to an unknown god.
  1338 | D:2      | Reached XP level 3. HP: 12/28 MP: 4/6
  1938 | D:3      | Found a shimmering altar of Xom.
  1971 | D:3      | Learned a level 3 spell: Spider Form
  2254 | D:3      | Noticed Jessica
  2264 | D:3      | Killed Jessica
  2264 | D:3      | Reached XP level 4. HP: 32/35 MP: 3/8
  2265 | D:3      | Found a burning altar of Makhleb.
  2652 | D:3      | Found a basalt altar of Yredelemnul.
  2790 | D:3      | Reached XP level 5. HP: 24/40 MP: 6/9
  3076 | D:3      | Learned a level 4 spell: Ice Form
  3118 | D:4      | Noticed xeno23's ghost (novice HuMo)
  3139 | D:5      | Entered Level 5 of the Dungeon
  3216 | D:4      | Reached skill level 1 in Ice Magic
  3400 | D:5      | Noticed bollicks1999's ghost (novice HOFi)
  3478 | D:6      | Noticed Edmund
  3495 | D:6      | Killed Edmund
  3495 | D:6      | Reached skill level 4 in Unarmed Combat
  3495 | D:6      | Reached XP level 6. HP: 19/48 MP: 2/10
  3733 | D:6      | Noticed a phantom
  3759 | D:6      | Killed a phantom
  3939 | D:6      | Noticed Duvessa
  3942 | D:6      | Noticed Dowan
  3956 | D:6      | Killed Duvessa
  3956 | D:6      | Your scales start taking on an icy white colour.
  3956 | D:6      | Gained mutation: Your flesh is cold resistant. [White Draconian growth]
  3956 | D:6      | Reached XP level 7. HP: 30/56 MP: 9/12
  3973 | D:6      | Killed Dowan
  4115 | D:6      | HP: 1/56 [black bear (4)]
  4116 | D:6      | Slain by a black bear

Action                   |  1- 3 |  4- 6 |  7- 9 || total
-------------------------+-------+-------+-------++-------
Melee: Unarmed           |   125 |   181 |    16 ||   322
 Cast: Beastly Appendage |    22 |       |       ||    22
       Spider Form       |     4 |    20 |     2 ||    26
 Abil: End Transformatio |       |       |     1 ||     1
  Use: Potion            |       |     4 |       ||     4
       Scroll            |       |     6 |       ||     6
  Eat: Chunk             |     4 |    10 |       ||    14
